 Dungeon Crawl Stone Soup version 0.21-a0-128-gf2b353c (webtiles) character file.

33 Musica the Sneak (level 3, -1/16 HPs)
             Began as a Spriggan Enchanter on July 17, 2017.
             Slain by Sigmund
             ... wielding a +0 scythe
              (11 damage)
             ... on level 2 of the Dungeon.
             The game lasted 00:03:31 (1063 turns).

Musica the Sneak (Spriggan Enchanter)               Turns: 1063, Time: 00:03:31

Health: -1/16      AC:  5    Str:  4    XL:     3   Next: 12%
Magic:  5/8        EV: 18    Int: 17    God:
Gold:   76         SH:  0    Dex: 16    Spells: 5/8 levels left

rFire    . . .     SeeInvis +   a - +1 dagger
rCold    . . .     Gourm    .   (shield restricted)
rNeg     . . .     Faith    .   b - +0 robe
rPois    .         Spirit   .   (helmet restricted)
rElec    .         Reflect  .   (no cloak)
rCorr    .         Harm     .   (gloves unavailable)
MR       .....                  (boots unavailable)
Stlth    +++.......             (no amulet)
HPRegen  0.05/turn              h - +3 ring of protection
MPRegen  0.11/turn              (no ring)

@: very quick
A: unfitting armour, see invisible, herbivore 3, speed 3, slow metabolism 2
a: no special abilities


You were on level 2 of the Dungeon.
You were not hungry.

You visited 1 branch of the dungeon, and saw 2 of its levels.

You collected 76 gold pieces.

Inventory:

Hand Weapons
 a - a +1 dagger (weapon)
Missiles
 i - 16 sling bullets
Armour
 b - a +0 robe (worn)
Jewellery
 h - a +3 ring of protection (left hand)
Scrolls
 e - 2 scrolls of teleportation {unknown}
 f - a scroll of enchant weapon {unknown}
 j - a scroll of identify {unknown}
 k - a scroll of recharging {unknown}
Potions
 g - 2 potions of haste {unknown}
 l - a potion of curing {unknown}
Books
 c - a book of Maledictions

   Spells                             Type                      Level
   a - Corona                         Hexes                        1
   b - Ensorcelled Hibernation        Hexes/Ice                    2
   c - Confuse                        Hexes                        3
   d - Tukima's Dance                 Hexes                        3
   e - Dazzling Spray                 Conjuration/Hexes            3
Comestibles
 d - 4 bread rations


   Skills:
 + Level 1.4 Short Blades
 - Level 3.0 Dodging
 + Level 5.3 Stealth
 + Level 3.1 Spellcasting
 + Level 3.9 Hexes
 * Level 0.5 Ice Magic


You had 5 spell levels left.
You knew the following spells:

 Your Spells              Type           Power        Failure   Level  Hunger
a - Corona                Hex            ###....      3%          1    None
b - Ensorcelled Hibernat  Hex/Ice        ##....       11%         2    ##.....


Dungeon Overview and Level Annotations

Branches:
Dungeon (2/15)

Altars:

Annotations:
D:2 Sigmund


Innate Abilities, Weirdness & Mutations

You are very small and have problems with some larger weapons.
You are too small for most types of armour.
You have supernaturally acute eyesight. (SInv)
You are a herbivore.
You cover ground extremely quickly.
You need consume almost no food.


Message History

Sigmund is severely wounded.
Sigmund closely misses you.
Casting: Ensorcelled Hibernation
Confirm with . or Enter, or press ? or * to list all spells.
You don't know that spell.
Unknown command.
Casting: Ensorcelled Hibernation
Confirm with . or Enter, or press ? or * to list all spells.
Aiming: Corona
Press: ? - help, Shift-Dir - straight line, f/p - Sigmund
Aim: Sigmund, wielding a scythe and wearing an embroidered robe (severely wounded, chance to defeat MR: 61%) Sigmund struggles to resist.
You hit Sigmund but do no damage.
Sigmund is severely wounded.
Sigmund hits you with a scythe.
You hit Sigmund but do no damage.
Sigmund is severely wounded.
Sigmund hits you with a scythe!
Ouch! That really hurt!
You die...

# # #.#.
#...### #..@.#
#@# #.# #.###
#...#########
#.#.........#
..##########.#
#.##
#......#.# ..
........#.# ##
#.......#.#


You could see Sigmund.

Vanquished Creatures
  An adder (D:2)
  A leopard gecko (D:1)
  2 bats (D:1)
  A giant cockroach (D:1)
  5 goblins (D:1)
  2 hobgoblins (D:1)
  3 frilled lizards (D:1)
  5 kobolds (D:1)
  A rat (D:1)
21 creatures vanquished.

Notes
Turn   | Place    | Note
-------+----------+-------------------------------------------
     0 | D:1      | Musica the Spriggan Enchanter began the quest for the Orb.
     0 | D:1      | Reached XP level 1. HP: 9/9 MP: 5/5
   167 | D:1      | Reached XP level 2. HP: 3/13 MP: 2/6
   171 | D:1      | Learned a level 2 spell: Ensorcelled Hibernation
   577 | D:1      | Reached skill level 5 in Stealth
   700 | D:1      | Reached XP level 3. HP: 15/16 MP: 5/8
  1055 | D:2      | Noticed Sigmund
  1063 | D:2      | Slain by Sigmund

Vault maps used:
D:1:      scummos_arrival_forest
D:2:      serial_co_window_serial, co_window_corner_a,
          co_window_of_opportunity_a, co_window_of_opportunity_a,
          co_window_paths_b, co_window_of_opportunity_a,
          co_window_of_opportunity_a, co_window_paths_a, co_window_corner_cb,
          co_window_paths_c, co_window_of_opportunity_b, glass_columns_a,
          glass_columns_c, glass_columns_c, glass_columns_c, uniq_sigmund

Skill      XL: |  1  2 |
---------------+-------+-----
Spellcasting   | 3 |  3.1
Stealth        | 5 |  5.3
Short Blades   | |  1.4
Dodging        | |  3.0
Hexes          | |  3.9
Ice Magic      | |  0.5

Action                   || total
-------------------------++-------
Melee: Dagger            ||    66
 Cast: Corona            ||     9
       Ensorcelled Hiber ||     9
 Stab: Sleeping          ||    10
Armor: Robe              ||     5
Dodge: Dodged            ||    51
